 Dungeon Crawl Stone Soup version 0.26.0-10-g1f06aea511 (webtiles) character file.

Game seed: 18079446987793852760

35907 Borgoz the Basher (level 13, -1/87 HPs)
             Began as a Gargoyle Berserker on Jan 31, 2021.
             Was the Champion of Trog.
             Killed from afar by a lindwurm (20 damage)
             ... with a blast of flame
             ... in a volcano on Feb 1, 2021.
             The game lasted 00:33:58 (19623 turns).

Borgoz the Basher (Gargoyle Berserker)             Turns: 19623, Time: 00:33:59

Health: -1/87      AC: 24    Str: 22    XL:     13   Next: 86%
Magic:  13/13      EV: 17    Int:  8    God:    Trog [******]
Gold:   1264       SH:  0    Dex: 13    Spells: 12/12 levels left

rFire    + . .     SeeInvis +   t - +4 eveningstar
rCold    + + +     Faith    .   (no shield)
rNeg     + . .     Spirit   .   i - +2 ring mail {rC+}
rPois    ∞         Reflect  .   (no helmet)
rElec    +         Harm     .   e - scarf {repulsion}
rCorr    +         Rampage  .   v - +1 pair of gloves
Will     .....                  h - +1 pair of boots
Stlth    +.........             (no amulet)
HPRegen  0.24/turn              n - ring of protection from cold
MPRegen  0.13/turn              s - ring of see invisible

@: mighty, resistant, repel missiles
A: talons 1, mutation resistance 1, negative energy resistance 1, electricity
resistance, unbreathing, petrification resistance, miasma immunity, AC +9
a: Renounce Religion, Berserk, Trog's Hand, Brothers in Arms


You were in a volcano.
You worshipped Trog.
Trog was exalted by your worship.
You visited 3 branches of the dungeon, and saw 17 of its levels.
You also visited: Volcano.

You collected 1264 gold pieces.

Inventory:

Hand Weapons
 b - a +5 dire flail of flaming
 q - a +3 vorpal demon whip
 t - a +4 eveningstar (weapon)
Armour
 e - a scarf of repulsion (worn)
 h - a +1 pair of boots (worn)
 i - a +2 ring mail of cold resistance (worn)
 v - a +1 pair of gloves (worn)
Jewellery
 n - a ring of protection from cold (left hand)
 s - a ring of see invisible (right hand)
Wands
 a - a wand of digging (5)
 f - a wand of iceblast (13)
 k - a wand of paralysis (12)
 x - a wand of disintegration (13)
Scrolls
 c - 2 scrolls of identify
 d - 11 scrolls of remove curse
 g - 3 scrolls of fear
 m - 3 scrolls of teleportation
 p - 3 scrolls of enchant weapon
 w - a scroll of blinking
Potions
 l - 2 potions of haste
 o - 3 potions of might
 r - a potion of heal wounds
 u - 4 potions of curing
 z - a potion of flight


   Skills:
 * Level 12.7 Fighting
 * Level 12.8 Maces & Flails
 * Level 12.5 Armour
 * Level 9.9 Dodging


You had 12 spell levels left.
You didn't know any spells.
Your spell library was empty.

Dungeon Overview and Level Annotations

Branches:
Dungeon (12/15)            Temple (1/1) D:7            Lair (4/6) D:8
  Swamp (0/4) Lair:4        Snake (0/4) Lair:2          Orc (0/2) D:11
Volcano (1/1)

Altars:
Ashenzari
Cheibriados
Dithmenos
Elyvilon
Fedhas
Gozag
Hepliaklqana
Kikubaaqudgha
Makhleb
Nemelex Xobeh
Okawaru
Qazlal
Ru
Sif Muna
Trog
Uskayaw
Vehumet
Wu Jian
Xom
Yredelemnul
Zin
The Shining One

Shops:
D:6 (

Annotations:
Lair:4 exclusion: oklob plant


Innate Abilities, Weirdness & Mutations

You are resistant to torment.
Your stone body is resilient. (AC +9)
You are immune to poison.
You resist negative energy. (rN+)
You are resistant to electric shocks. (rElec)
You can survive without breathing.
You are immune to petrification.
You are immune to miasma.
You have sharp toenails.
You are somewhat resistant to further mutation.


Message History

You barely miss the hell hound.
The hell hound is almost dead.
The lindwurm breathes flames at you.
The blast of flame hits the hell hound.
The hell hound completely resists.
The blast of flame hits you. You resist.
* * * LOW HITPOINT WARNING * * *
The hell hound breathes flames at you. The blast of flame hits you. You resist.
* * * LOW HITPOINT WARNING * * *
You closely miss the hell hound.
The hell hound is almost dead.
The hell hound bites you but does no damage.
Your ring mail prevents you from hitting the hell hound.
The hell hound is almost dead.
The hell hound breathes flames at you. The blast of flame misses you.
The lindwurm breathes flames at you.
The blast of flame hits the hell hound.
The hell hound completely resists.
The blast of flame hits you!! You resist.
You die...

≈≈§≈≈≈§≈≈≈≈≈≈≈≈≈§§≈≈§§§≈≈≈§≈§≈§≈§
≈≈§≈≈≈§≈≈≈≈§≈≈≈≈≈§≈≈§§≈≈≈≈≈§≈≈§≈§
≈≈≈≈≈§§≈.......§..........≈≈≈≈§≈≈
≈≈≈§≈≈≈.#################.≈§§≈§≈≈
≈≈≈§≈≈§§# +.....+ #.§§§≈≈§≈
≈≈≈§§§≈.# .8_8. #.≈§≈≈§§§
§§≈≈≈≈§.# .k. #.§§§≈≈≈§
§§≈≈§§≈.###++###h###++###§§≈≈§≈§§
§≈§≈≈§≈.#......#@#......#○☼☼○○○≈≈
.≈§≈≈≈§.######.#.#.######○°○§○≈☼≈
§..≈≈§§.# #.# #°○§°○°○≈ ≈≈.≈≈§≈§#
#.# #○○°☼○°○≈ ≈≈≈.≈§§§# #.#
#.○°○≈○○§ ≈≈≈§.≈≈.# #.# #☼°≈§≈○≈§
≈≈≈§≈.§.########+########.≈≈°°≈°≈
≈≈≈≈§≈≈§....§.......§§...≈≈≈≈○≈°≈
≈§≈§§≈≈≈§§≈§§§≈≈§≈§§§§§§≈≈≈§≈°≈○≈


You could see a lindwurm (catching breath) and a hell hound (catching breath).

Vanquished Creatures
  Rupert (D:12)
  Fannar (D:12)
  A boulder beetle (Lair:3)
  Erolcha (D:11)
  2 hydras (Lair:1)
  A deep troll earth mage (D:12)
  Nergalle (D:12)
  2 unseen horrors (D:12)
  Pikel (D:6)
  3 ugly things
  A wolf spider (D:12)
  3 elephants (Lair:2)
  A centaur zombie (D:10)
  3 black mambas (Lair:2)
  9 komodo dragons
  7 cane toads
  Maggie (D:6)
  A tengu conjurer (D:12)
  A hornet (D:5)
  Prince Ribbit (D:9)
  2 trolls (D:12)
  7 dream sheep (Lair:4)
  10 blink frogs
  2 slime creatures (D:12)
  2 shadows (D:12)
  16 yaks
  2 wyverns (Lair:1)
  3 basilisks
  A wraith (D:12)
  Eustachio (D:4)
  2 fire bats (Volcano)
  2 fire elementals (Lair:2)
  4 vampire mosquitoes (D:12)
  18 water moccasins
  Edmund (D:6)
  2 hell hounds (Volcano)
  Duvessa (D:7)
  A swamp drake (D:11)
  Purgy (D:3)
  3 phantoms
  3 ice beasts
  A hornet zombie (D:6)
  4 sky beasts
  7 orc warriors
  4 ogres
  An eye of draining (D:10)
  2 lemures (D:6)
  2 wolves (Lair:1)
  4 centaurs
  7 big kobolds
  15 bullfrogs
  Dowan (Temple)
  A wyvern zombie (D:7)
  3 scorpions
  9 killer bees
  A howler monkey (D:8)
  An electric eel (Lair:2)
  4 wights (D:10)
  7 lava snakes
  A bullfrog zombie (D:7)
  2 bullfrog skeletons (D:6)
  4 hounds
  4 jellies
  10 orc priests
  A gnoll shaman (D:5)
  3 centaur skeletons
  Ijyb (D:4)
  3 iguanas
  7 worker ants
  18 orc wizards
  A hound zombie (D:7)
  A howler monkey zombie (D:9)
  Robin (D:4)
  15 gnolls
  16 adders
  A howler monkey skeleton (D:4)
  A shadow imp (D:7)
  A white imp (D:5)
  6 ufetubi
  3 oozes
  An adder skeleton (D:5)
  2 worms
  7 leopard geckos
  63 orcs
  5 ball pythons
  8 bats
  6 giant cockroaches
  13 hobgoblins
  20 jackals
  4 quokkas
  4 frilled lizards
  14 goblins
  A jackal skeleton (D:6)
  48 kobolds
  7 rats
503 creatures vanquished.

Vanquished Creatures (others)
  24 fungi
  25 plants
49 creatures vanquished.

Grand Total: 552 creatures vanquished

Notes
Turn   | Place    | Note
-------+----------+-------------------------------------------
     0 | D:1      | Borgoz the Gargoyle Berserker began the quest for the Orb.
     0 | D:1      | Reached XP level 1. HP: 14/14 MP: 1/1
   405 | D:1      | Reached XP level 2. HP: 19/19 MP: 2/2
  1327 | D:2      | Found a sacrificial altar of Ru.
  1344 | D:2      | Reached ** piety under Trog
  1345 | D:2      | Reached XP level 3. HP: 18/24 MP: 3/3
  1440 | D:2      | Reached XP level 4. HP: 24/29 MP: 4/4
  1815 | D:2      | Found a white marble altar of Elyvilon.
  1940 | D:2      | Gained mutation: You have sharp toenails. [potion of
                  | mutation]
  1940 | D:2      | Gained mutation: You are somewhat resistant to further
                  | mutation. [potion of mutation]
  1950 | D:2      | Reached XP level 5. HP: 10/33 MP: 5/5
  2454 | D:3      | Found a snail-covered altar of Cheibriados.
  2542 | D:3      | Noticed Purgy
  2553 | D:3      | Killed Purgy
  2554 | D:3      | Reached XP level 6. HP: 27/39 MP: 6/6
  3141 | D:4      | Reached skill level 5 in Maces & Flails
  3716 | D:4      | Noticed Eustachio
  3731 | D:4      | Killed Eustachio
  3732 | D:4      | Reached skill level 5 in Fighting
  3732 | D:4      | Reached XP level 7. HP: 21/44 MP: 7/7
  4190 | D:4      | Noticed Robin
  4202 | D:4      | Killed Robin
  4214 | D:4      | Reached *** piety under Trog
  4460 | D:4      | Noticed Ijyb
  4471 | D:4      | Killed Ijyb
  4848 | D:4      | Reached XP level 8. HP: 50/50 MP: 8/8
  4905 | D:5      | Entered Level 5 of the Dungeon
  5004 | D:5      | Reached skill level 5 in Armour
  5126 | D:5      | Noticed a hornet
  5132 | D:5      | Killed a hornet
  5374 | D:5      | Reached **** piety under Trog
  5784 | D:5      | Reached XP level 9. HP: 52/56 MP: 9/9
  6023 | D:5      | Found a broken altar of Ashenzari.
  6187 | D:5      | Found a bloodstained altar of Trog.
  6431 | D:6      | Noticed Pikel
  6450 | D:6      | Killed Pikel
  6498 | D:6      | Reached ***** piety under Trog
  6826 | D:6      | Found Goiph's Antique Weapon Boutique.
  6936 | D:6      | Reached skill level 5 in Dodging
  7552 | D:6      | Found an opulent altar of Gozag.
  7616 | D:6      | Noticed Edmund
  7636 | D:6      | Killed Edmund
  7816 | D:6      | Noticed Maggie
  7836 | D:6      | Killed Maggie
  7837 | D:6      | Reached XP level 10. HP: 64/64 MP: 10/10
  7922 | D:7      | Found a burning altar of Makhleb.
  7940 | D:7      | Found an ancient bone altar of Kikubaaqudgha.
  8192 | D:7      | Found a staircase to the Ecumenical Temple.
  8210 | D:7      | Noticed Dowan
  8212 | D:7      | Noticed Duvessa
  8215 | Temple   | Entered the Ecumenical Temple
  8510 | D:7      | Killed Duvessa
  8535 | Temple   | Killed Dowan
  8732 | D:7      | Found a sparkling altar of Nemelex Xobeh.
  8882 | D:7      | Received a gift from Trog
  9109 | D:7      | Found a shimmering blue altar of Sif Muna.
  9160 | D:8      | Found a shimmering altar of Xom.
  9217 | D:8      | Found a staircase to the Lair.
  9392 | D:8      | Found a stormy altar of Qazlal.
  9511 | D:8      | Found a shimmering altar of Xom.
  9514 | D:8      | Found a hazy altar of Hepliaklqana.
  9515 | D:8      | Noticed a spectral ugly thing
  9673 | D:9      | Noticed Prince Ribbit
  9685 | D:9      | Killed Prince Ribbit
 10873 | D:10     | Entered Level 10 of the Dungeon
 10900 | D:10     | Reached skill level 10 in Maces & Flails
 10900 | D:10     | Reached XP level 11. HP: 71/71 MP: 11/11
 11821 | D:10     | Received a gift from Trog
 11849 | D:10     | Got an encrusted glaive {god gift}
 12102 | D:11     | Noticed a brown ugly thing
 12118 | D:11     | Killed a brown ugly thing
 12381 | D:11     | Noticed a white ugly thing
 12394 | D:11     | Killed a white ugly thing
 12432 | D:11     | Noticed Erolcha
 12462 | D:11     | Killed Erolcha
 12990 | D:11     | Found a staircase to the Orcish Mines.
 13298 | D:12     | Noticed Fannar
 13312 | D:12     | Killed Fannar
 13313 | D:12     | Reached skill level 10 in Fighting
 13411 | D:12     | Noticed a red ugly thing
 13430 | D:12     | Killed a red ugly thing
 13443 | D:12     | Reached skill level 10 in Armour
 13781 | D:12     | Noticed Rupert
 13782 | D:12     | Paralysed by Rupert for 2 turns
 13800 | D:12     | Killed Rupert
 13801 | D:12     | Reached XP level 12. HP: 39/79 MP: 12/12
 14179 | D:12     | Noticed a deep troll earth mage
 14254 | D:12     | Killed a deep troll earth mage
 14266 | D:12     | Got an ancient falchion
 14393 | D:12     | Noticed Nergalle
 14409 | D:12     | Killed Nergalle
 14461 | D:12     | Reached ****** piety under Trog
 15015 | Lair:1   | Entered Level 1 of the Lair of Beasts
 15401 | Lair:1   | Noticed an eight-headed hydra
 15407 | Lair:1   | Killed an eight-headed hydra
 15928 | Lair:1   | Received a gift from Trog
 15933 | Lair:1   | Noticed a seven-headed hydra
 15946 | Lair:1   | Reached XP level 13. HP: 34/85 MP: 13/13
 16936 | Lair:2   | Found a staircase to the Snake Pit.
 18413 | Lair:3   | Received a gift from Trog
 19140 | Lair:4   | Found a staircase to the Swamp.
 19232 | Lair:4   | Found a dark tunnel.
 19237 | Volcano  | Entered a volcano
 19598 | Volcano  | Found a radiant altar of Vehumet.
 19623 | Volcano  | Killed from afar by a lindwurm

Illustrated notes

Levels and vault maps discovered:
D:1:      psy_arrival_whirlpool, layout_basic
D:2:      layout_rooms, elyvilon_altar_1, nicolae_ru_great_annihilating_truth
D:3:      layout_rooms, cheibriados_altar_1, uniq_purgy
D:4:      layout_loops_ring, uniq_robin, uniq_eustachio, uniq_ijyb
D:5:      minmay_goblin_kobold_castle, layout_cave_pools,
          nicolae_ashenzari_panopticon, marbit_many_paths
D:6:      layout_loops_cross, lemuel_doored_altar, serial_shops, shop,
          uniq_pikel, uniq_maggie, uniq_edmund
D:7:      layout_basic, kennysheep_little_box, led_sif_pool,
          nicolae_overflow_hidden_temple, minmay_temple_entry_crystal_x,
          uniq_duvessa
D:8:      layout_rooms, regret_index_temple_of_mockery, grunt_qazlal_sundering,
          due_lair_maze_entry_diamond, basic_altar
D:9:      layout_layer_cave, uniq_prince_ribbit1
D:10:     layout_grid_maze
D:11:     layout_loops_ring, erik_orc_1, uniq_erolcha
D:12:     layout_irregular_city, amcnicky_mini_pool_small,
          onia_ninara_dug_in_and_dangerous, uniq_nergalle, uniq_fannar,
          uniq_rupert
Temple:   nicolae_temple_figure_zero
Lair:1:   layout_loops_ring, small_statue_intersection, beast_lair_carwin_11
Lair:2:   layout_gridlike, minmay_snake_entry_six_corridors, lemuel_fruit_fields
Lair:3:   layout_chaotic_city, chequers_serial_rivers_small_a
Lair:4:   layout_roguey, swamp_mist, nicolae_volcano_entry_s_turn, uniq_sonja
Volcano:  volcano_lake [vl_original]

Skill      XL: |  1  2  3  4  5  6  7  8  9 10 11 12 13 |
---------------+----------------------------------------+-----
Dodging        | 2 3 4 5 6 8 9 |  9.9
Maces & Flails | 4 5 6 7 9 10 11 12 | 12.8
Fighting       | 4 5 6 7 9 10 11 12 | 12.7
Armour         | 3 4 5 7 8 10 11 12 | 12.5

Action                   |  1- 3 |  4- 6 |  7- 9 | 10-12 | 13-15 || total
-------------------------+-------+-------+-------+-------+-------++-------
Melee: Mace              |    74 |   205 |   402 |       |       ||   681
       Kick              |       |    37 |    80 |       |       ||   117
       Flail             |       |       |   147 |       |       ||   147
       Dire flail        |       |       |    19 |   722 |   239 ||   980
       Unarmed           |       |       |       |     6 |       ||     6
       Eveningstar       |       |       |       |       |   127 ||   127
Invok: Berserk           |       |     7 |     7 |     5 |     4 ||    23
       Trog's Hand       |       |     2 |       |       |       ||     2
Evoke: Wand              |       |       |       |     9 |       ||     9
  Use: Potion            |       |     1 |     2 |     3 |     2 ||     8
       Scroll            |       |       |    10 |     6 |     5 ||    21
 Stab: Paralysed         |     4 |       |       |       |       ||     4
       Invisible         |     1 |       |       |       |       ||     1
       Sleeping          |       |     2 |     2 |       |       ||     4
Armor: Animal skin       |    34 |   116 |   151 |       |       ||   301
       Ring mail         |       |       |    89 |   303 |   120 ||   512
Dodge: Dodged            |    58 |   204 |   521 |   510 |   252 ||  1545
       Repelled          |       |       |       |     4 |     6 ||    10
